 Dungeon Crawl Stone Soup version 0.31-a0-692-gf03d1854d5 (webtiles) character file.

Game seed: 13110286810144006305

91 Essalna the Conjurer (level 4, -1/30 HPs)
             Began as a Demonspawn Conjurer on Sept 7, 2023.
             Was an Initiate of Vehumet.
             Slain by a gnoll
             ... wielding a +0 club
             ... led by a gnoll bouda
              (6 damage)
             ... on level 5 of the Dungeon.
             The game lasted 00:02:59 (2352 turns).

Essalna the Conjurer (Demonspawn Conjurer)          Turns: 2352, Time: 00:03:00

Health: -1/30      AC:  2    Str:  7    XL:     4   Next: 34%
Magic:  9/9        EV:  6    Int: 22    God:    Vehumet [......]
Gold:   157        SH:  0    Dex: 15    Spells: 6/9 levels left

rFire   . . .        k - +0 whip (drain)
rCold   . . .        (no shield)
rNeg    . . .        a - +0 robe
rPois   .            (no helmet)
rElec   .            (no cloak)
rCorr   .            (no gloves)
SInv    .            (no boots)
Will    .....        (no amulet)
Stlth   ++++         (no ring)
HPRegen 0.25/turn    (no ring)
MPRegen 0.11/turn

%: no passive effects
@: held
A: thin skeletal structure 2
a: Renounce Religion


You were on level 5 of the Dungeon.
You worshipped Vehumet.
Vehumet was noncommittal.
You visited 1 branch of the dungeon, and saw 5 of its levels.

You collected 157 gold pieces.

Inventory:

Hand Weapons
 e - a +0 short sword
 k - a +0 whip of draining (weapon)
Missiles
 n - 4 javelins
Armour
 a - a +0 robe (worn)
 c - a +1 leather armour of cold resistance
 j - a scarf of resistance
Scrolls
 f - a scroll of blinking {unknown}
 g - 3 scrolls of identify {unknown}
 h - 2 scrolls of torment {unknown}
 m - a scroll of amnesia {unknown}
Potions
 b - a potion of magic
 d - a potion of might {unknown}
 i - a potion of heal wounds {unknown}
 l - a potion of mutation {unknown}


   Skills:
 - Level 1.7 Dodging
 - Level 1.7 Stealth
 + Level 3.3 Spellcasting
 + Level 5.0 Conjurations


You had 6 spell levels left.
You knew the following spells:

 Your Spells              Type           Power      Damage    Failure   Level
a - Magic Dart            Conj           100%       1d8       1%          1
b - Searing Ray           Conj           50%        2d6       2%          2

Your spell library contained the following spells:

 Spells                   Type           Power      Damage    Failure   Level
 Apportation              Tloc           6%         N/A       12%         1
 Dazzling Flash           Conj/Hex       28%        N/A       13%         3
 Ensorcelled Hibernation  Hex/Ice        6%         N/A       19%         2
 Fulminant Prism          Conj/Hex       7%         3d7       38%         4
 Iskenderun's Mystic Bla  Conj/Tloc      14%        2d5       38%         4
 Alistair's Intoxication  Tmut/Pois      2%         N/A       97%         5


Dungeon Overview and Level Annotations

Branches:
Dungeon (5/15)
 Temple: D:4-7

Altars:
Vehumet

Annotations:
D:5 Grinder


Innate Abilities, Weirdness & Mutations

You have a moderately thin skeletal structure. (Dex +4, Stealth++)


Message History

A kobold is nearby!
The magic dart hits the kobold!
You kill the kobold!
Vehumet accepts your kill.
You can't see any susceptible monsters within range! (Use Z to cast anyway.)
You can't see any susceptible monsters within range! (Use Z to cast anyway.) Magic restored.
You see here a +0 dagger.
You now have 157 gold pieces (gained 11).
You see here a +0 shortbow.
Found a stone staircase leading down.
You can't see any susceptible monsters within range! (Use Z to cast anyway.)
Found two stone staircases leading up.
There is a stone staircase leading down here.
You climb downwards.
Found a potion of magic.
Found two stone staircases leading up.
There is a stone staircase leading up here.
The gnoll shouts! x2
The gnoll throws a throwing net.
The throwing net hits you.
You become entangled in the net!
You stop ascending the stairs.
You hear an angry hiss.
You struggle against the net.
You struggle against the net.
An adder comes into view.
The gnoll hits you with a +0 club.
The gnoll hits you from afar with a +0 halberd!
Grinder says, "FISH!"
Grinder gestures at you.
You barely resist.
You struggle against the net.
The gnoll completely misses you.
The gnoll hits you from afar with a +0 halberd!
* * * LOW HITPOINT WARNING * * *
Grinder blinks!
You struggle against the net.
The gnoll bouda shouts!
The gnoll barely misses you.
The gnoll bouda barks out a call to the hunt!
The gnolls pick up the pace!
The gnoll hits you with a +0 club.
You die...

..#######
#.#....<##.
#..5.......
#..........
#!.....gg..
#..g.g..<..
####..gg......
#.....@...S...
#.##..........
.............
##..##.....#..
#.. ####### .
#. . ##


You could see Grinder, a gnoll bouda, 5 gnolls and an adder.

Vanquished Creatures
  Jessica (D:3)
  An adder (D:3)
  A dart slug (D:1)
  An orc (D:3)
  5 ball pythons
  5 endoplasms
  5 giant cockroaches
  4 goblins
  3 hobgoblins
  2 quokkas
  5 bats
  2 frilled lizards (D:1)
  8 kobolds
  7 rats
50 creatures vanquished.

Notes
Turn   | Place    | Note
-------+----------+-------------------------------------------
     0 | D:1      | Essalna the Demonspawn Conjurer began the quest for the
                  | Orb.
     0 | D:1      | Reached XP level 1. HP: 13/13 MP: 3/3
   346 | D:1      | Gained mutation: You have a somewhat thin skeletal
                  | structure. (Dex +2, Stealth+) [demonic ancestry]
   346 | D:1      | Reached XP level 2. HP: 19/19 MP: 0/5
  1091 | D:2      | Gained mutation: You have a moderately thin skeletal
                  | structure. (Dex +4, Stealth++) [demonic ancestry]
  1091 | D:2      | Reached XP level 3. HP: 24/24 MP: 2/7
  1389 | D:3      | Learned a level 2 spell: Searing Ray
  2019 | D:3      | Noticed Jessica
  2023 | D:3      | Killed Jessica
  2024 | D:3      | Reached skill level 5 in Conjurations
  2024 | D:3      | Reached XP level 4. HP: 30/30 MP: 3/9
  2029 | D:3      | Got Jessica's Anthology of Guile
  2209 | D:4      | Found a radiant altar of Vehumet.
  2240 | D:4      | Became a worshipper of Vehumet
  2347 | D:5      | Entered Level 5 of the Dungeon
  2347 | D:5      | Noticed Grinder
  2352 | D:5      | Slain by a gnoll

Illustrated notes

Levels and vault maps discovered:
D:1:      minmay_arrival_open_corners, layout_basic
D:2:      layout_basic, hellmonk_ecumenical_altar_zigzags, serial_shops,
          nicolae_shop_statue_plus
D:3:      layout_basic, nrook_mini_vaults, kennysheep_jessica_study
D:4:      layout_basic, mainiacjoe_overflow_brackets, xom_confusion_cloud
D:5:      layout_rooms, lemuel_doored_altar, nicolae_gozag_seed_capital,
          fedhas_altar_4, lemuel_zombie_altar_kikubaaqudgha,
          kennysheep_generic_room_16, uniq_grinder

Skill      XL: |  1  2  3 |
---------------+----------+-----
Spellcasting   | 3 |  3.3
Conjurations   | 5 |  5.0
Dodging        | |  1.7
Stealth        | |  1.7

Action                     |  1- 3 |  4- 6 || total
---------------------------+-------+-------++-------
  Melee: Unarmed           |    22 |       ||    22
         Whip              |     8 |       ||     8
   Cast: Magic Dart        |    79 |     1 ||    80
         Searing Ray       |     1 |       ||     1
 Armour: Robe              |    12 |     4 ||    16
  Dodge: Dodged            |    28 |     2 ||    30

Table legend: (Time is in decaauts)
 A = Elapsed time spent in this place.
 B = Non-inter-level travel time spent in this place.
 C = Inter-level travel time spent in this place.
 D = Time resting spent in this place.
 E = Time spent auto-exploring this place.
 F = Levels seen in this place.
 G = Mean time per level.
                   A        B        C        D        E       F      G
               +--------+--------+--------+--------+--------+-----+--------+
         Total |   2350 |   2307 |     43 |      0 |   2058 |   5 |  470.0 |
       Dungeon |   2350 |   2307 |     43 |      0 |   2058 |   5 |  470.0 |
               +--------+--------+--------+--------+--------+-----+--------+

Top non-repeatable levels by time:
     D:1: 884 daAuts
     D:3: 796 daAuts
     D:2: 464 daAuts
     D:4: 200 daAuts
     D:5: 4 daAuts
